 Dungeon Crawl Stone Soup version 0.29-a0-284-gf9362112df (webtiles) character file.

Game seed: 6997741492321911791

37 oldriver the Vandal (level 3, -2/18 HPs)
             Began as a Spriggan Hunter on Mar 18, 2022.
             Slain by Terence
             ... wielding a +0 flail
              (3 damage)
             ... on level 3 of the Dungeon.
             The game lasted 00:03:40 (1289 turns).

oldriver the Vandal (Spriggan Hunter)               Turns: 1289, Time: 00:03:41

Health: -2/18      AC:  2    Str:  7    XL:     3   Next: 23%
Magic:  4/4        EV: 18    Int: 10    God:
Gold:   118        SH:  0    Dex: 20    Spells: 2/2 levels left

rFire   . . .      SeeInvis +   a - +1 hunting sling
rCold   . . .      Faith    .   (no shield)
rNeg    . . .      Spirit   .   b - +0 robe
rPois   .          Reflect  .   (helmet restricted)
rElec   .          Harm     .   (no cloak)
rCorr   .          Rampage  .   (gloves unavailable)
Will    .....                   (boots unavailable)
Stlth   ++........              (no amulet)
HPRegen 0.06/turn               (no ring)
MPRegen 0.09/turn               (no ring)

@: very quick
A: very small, no large weapons, unfitting armour, see invisible, speed 3
a: no special abilities


You were on level 3 of the Dungeon.
You visited 1 branch of the dungeon, and saw 3 of its levels.

You collected 118 gold pieces.

Inventory:

Hand Weapons
 a - a +1 hunting sling (weapon)
Missiles
 h - 6 poisoned darts
Armour
 b - a +0 robe (worn)
Jewellery
 e - a ring of willpower
Scrolls
 c - a scroll of immolation
 j - a scroll of fog {unknown}
 l - a scroll of blinking {unknown}
 m - a scroll of noise {unknown}
Potions
 f - a potion of berserk rage
 g - a potion of heal wounds {unknown}
 i - 4 potions of curing


   Skills:
 + Level 2.0 Fighting
 * Level 5.3 Slings
 + Level 3.3 Dodging
 + Level 2.7 Stealth


You had 2 spell levels left.
You didn't know any spells.
Your spell library was empty.

Dungeon Overview and Level Annotations

Branches:
Dungeon (3/15)

Altars:

Shops:
D:1 [

Annotations:
D:3 Grinder, Terence


Innate Abilities, Weirdness & Mutations

You are very small and have problems with some larger weapons.
You are too small for most types of armour.
You have supernaturally acute eyesight. (SInv)
You cover ground extremely quickly. (Speed+++)


Message History

Press: ? - help, Q - select action, (/) - cycle Shift-Dir - straight line, f/p - Terence
Aim: Terence, wielding a +0 flail and wearing a +0 chain mail (moderately wounded, 71% to hit)
You shoot a sling bullet.
The sling bullet closely misses Terence.
The goblin misses you. Terence completely misses you.
Fire: a) +1 hunting sling
Press: ? - help, Q - select action, (/) - cycle Shift-Dir - straight line, f/p - Terence
Aim: Terence, wielding a +0 flail and wearing a +0 chain mail (moderately wounded, 71% to hit)
You shoot a sling bullet.
The sling bullet hits Terence but does no damage.
Terence is moderately wounded.
The goblin misses you. Terence misses you. The goblin barely misses you.
Terence closely misses you.
Fire: a) +1 hunting sling
Press: ? - help, Q - select action, (/) - cycle Shift-Dir - straight line, f/p - Terence
Aim: Terence, wielding a +0 flail and wearing a +0 chain mail (moderately wounded, 71% to hit)
You shoot a sling bullet.
The sling bullet hits Terence but does no damage.
Terence is moderately wounded.
The goblin completely misses you. Terence completely misses you.
Fire: a) +1 hunting sling
Press: ? - help, Q - select action, (/) - cycle Shift-Dir - straight line, f/p - Terence
Aim: Terence, wielding a +0 flail and wearing a +0 chain mail (moderately wounded, 71% to hit)
You shoot a sling bullet. The sling bullet hits Terence.
Terence is heavily wounded.
The goblin closely misses you. Terence hits you but does no damage.
Fire: a) +1 hunting sling
Press: ? - help, Q - select action, (/) - cycle Shift-Dir - straight line, f/p - Terence
Aim: Terence, wielding a +0 flail and wearing a +0 chain mail (heavily wounded, 71% to hit)
You shoot a sling bullet. The sling bullet hits Terence.
Terence is severely wounded.
The goblin barely misses you. Terence closely misses you.
Fire: a) +1 hunting sling
Press: ? - help, Q - select action, (/) - cycle Shift-Dir - straight line, f/p - Terence
Aim: Terence, wielding a +0 flail and wearing a +0 chain mail (severely wounded, 71% to hit)
You shoot a sling bullet.
The sling bullet hits Terence but does no damage.
Terence is severely wounded.
The goblin barely misses you. Terence hits you with a +0 flail.
You die...

,*,*******,***,**** ***,,,,,,..*
*,,,,* ,*,******#.#**,**,* *,**
*#..,***,* *,* **#.#***,*
######* *,* ***
*,,...**,**#.....###
*,***,****,**#.#,*,##.....#.##
*,**,,,,,,,* #.g###..........##
*,***,****,***,#@#.#..$.......##
*,* *,* *,,,,,##@.............#
*,***,******,***####.##.#.....#*
,,,,,,,,,,,,,* **.#,#....##
*,***,******,* *#.†.)##.##
*,,,,,,,,,,,,* **[#..#*#<#
*,*,,,,,***,,******,*##@#*#.#
,,*,,,,,* *,,*,,,,,** #*,,..#
***,,,,,***,,*,,***>***,*####*


You could see Terence and a goblin.

Vanquished Creatures
  An adder (D:2)
  4 endoplasms
  A giant cockroach (D:1)
  5 quokkas
  A ball python (D:1)
  3 bats (D:2)
  4 goblins (D:1)
  4 kobolds
  5 rats
28 creatures vanquished.

Notes
Turn   | Place    | Note
-------+----------+-------------------------------------------
     0 | D:1      | oldriver the Spriggan Hunter began the quest for the Orb.
     0 | D:1      | Reached XP level 1. HP: 10/10 MP: 2/2
   118 | D:1      | Found Afouts's Armour Boutique.
   284 | D:1      | Reached skill level 5 in Slings
   284 | D:1      | Reached XP level 2. HP: 15/15 MP: 3/3
   873 | D:2      | Reached XP level 3. HP: 18/18 MP: 4/4
   996 | D:2      | Found a faded altar of an unknown god.
  1172 | D:3      | Noticed Terence
  1189 | D:3      | Noticed Grinder
  1190 | D:3      | Paralysed by Grinder for 3 turns
  1289 | D:3      | Slain by Terence

Illustrated notes

Levels and vault maps discovered:
D:1:      mrwooster_arrival_statue_2, layout_basic, serial_shops,
          nicolae_shop_competitors_out_of_business,
          chequers_serial_rivers_marsh, minivault_11
D:2:      layout_loops_ring, basic_ecumenical_altar
D:3:      layout_loops_ring, cheibrodos_ashenzari_chains, uniq_terence,
          uniq_grinder

Skill      XL: |  1  2  3 |
---------------+----------+-----
Dodging        | 3 |  3.3
Stealth        | 2 |  2.7
Slings         | 5 |  5.3
Fighting       | 2 |  2.0

Action                   || total
-------------------------++-------
 Fire: Hunting sling     ||    63
  Use: Scroll            ||     3
Armor: Robe              ||     3
Dodge: Dodged            ||    21

Table legend: (Time is in decaauts)
 A = Elapsed time spent in this place.
 B = Non-inter-level travel time spent in this place.
 C = Inter-level travel time spent in this place.
 D = Time resting spent in this place.
 E = Time spent auto-exploring this place.
 F = Levels seen in this place.
 G = Mean time per level.
                   A        B        C        D        E       F      G
               +--------+--------+--------+--------+--------+-----+--------+
         Total |    861 |    829 |     32 |     43 |    592 |   3 |  287.0 |
       Dungeon |    861 |    829 |     32 |     43 |    592 |   3 |  287.0 |
               +--------+--------+--------+--------+--------+-----+--------+

Top non-repeatable levels by time:
     D:1: 422 daAuts
     D:2: 399 daAuts
     D:3: 38 daAuts
